 Dungeon Crawl Stone Soup version 0.24-a0-516-g9de272bb65 (webtiles) character file.

Game seed: 3572469376733504674

1903 vurker the Thaumaturge (level 8, -9/46 HPs)
             Began as a Deep Elf Fire Elementalist on July 21, 2019.
             Was a Follower of Vehumet.
             Mangled by an orc warrior
             ... wielding a +0 scimitar
              (15 damage)
             ... on level 7 of the Dungeon.
             The game lasted 00:18:09 (8308 turns).

vurker the Thaumaturge (Deep Elf Fire Elementalist) Turns: 8308, Time: 00:18:10

Health: -9/46      AC:  6    Str:  5    XL:     8   Next: 94%
Magic:  0/22       EV: 13    Int: 23    God:    Vehumet [*.....]
Gold:   197        SH:  0    Dex: 15    Spells: 8/23 levels left

rFire    + . .     SeeInvis .   b - +3 dagger (drain)
rCold    + + .     Gourm    .   (no shield)
rNeg     . . .     Faith    .   p - +2 robe {rC+ rF+}
rPois    .         Spirit   .   c - +0 helmet
rElec    .         Reflect  .   (no cloak)
rCorr    .         Harm     .   f - +0 pair of gloves
MR       .....                  (no boots)
Stlth    ++........             (no amulet)
HPRegen  0.15/turn              o - ring of protection from cold
MPRegen  0.18/turn              (no ring)

@: about to teleport
A: no striking features
a: Renounce Religion


You were on level 7 of the Dungeon.
You worshipped Vehumet.
Vehumet was aware of your devotion.
You were not hungry.

You visited 2 branches of the dungeon, and saw 8 of its levels.
You also visited: Sewer.

You collected 287 gold pieces.
You spent 90 gold pieces at shops.

Inventory:

Hand Weapons
 b - a +3 dagger of draining (weapon)
   (You took it off Jessica on level 2 of the Dungeon)
Armour
 c - a +0 helmet (worn)
   (You found it on level 1 of the Dungeon)
 f - a +0 pair of gloves (worn)
   (You found it on level 1 of the Dungeon)
 p - a +2 robe of resistance (worn)
   (You took it off Jessica on level 2 of the Dungeon)
Magical Staves
 a - an uncursed staff of conjuration {!a}
   (You found it on level 3 of the Dungeon)
Jewellery
 o - a ring of protection from cold (left hand)
   (You found it on level 1 of the Dungeon)
 w - an uncursed amulet of harm
   (You found it in a sewer)
Wands
 u - a wand of paralysis (6)
   (You found it on level 5 of the Dungeon)
Scrolls
 g - 4 scrolls of fog
 i - 6 scrolls of remove curse {@r2}
 j - 2 scrolls of amnesia
 k - 6 scrolls of enchant weapon
 l - a scroll of immolation {!r}
 r - a scroll of teleportation {@r4}
 s - 2 scrolls of magic mapping
Potions
 d - a potion of heal wounds {unknown}
 h - a potion of magic
 m - 2 potions of brilliance {unknown}
 n - 2 potions of ambrosia
 q - 2 potions of curing {@q1}
 t - a potion of lignification {!q}
 x - a potion of haste {@q3}
Comestibles
 e - 16 rations {!d}
 v - 3 chunks of flesh


   Skills:
 + Level 3.3 Fighting
 - Level 2.4 Dodging
 - Level 2.4 Stealth
 * Level 8.3 Spellcasting
 * Level 6.5 Conjurations
 * Level 7.3 Fire Magic
 + Level 3.2 Evocations


You had 8 spell levels left.
You knew the following spells:

 Your Spells              Type           Power        Failure   Level  Hunger
a - Flame Tongue          Conj/Fire      #####        1%          1    None
b - Throw Flame           Conj/Fire      #####.       1%          2    None
c - Conjure Flame         Conj/Fire      #####...     1%          3    None
q - Sticky Flame          Conj/Fire      #####...     3%          4    ##.....
z - Fireball              Conj/Fire      #####.....   11%         5    #####..

Your spell library contained the following spells:

 Spells                   Type           Power        Failure   Level  Hunger
 Sandblast                Erth           #.....       7%          1    None
 Shock                    Conj/Air       ###.         1%          1    None
 Inner Flame              Hex/Fire       ####....     4%          3    None
 Static Discharge         Conj/Air       ###.....     5%          3    None
 Animate Skeleton         Necr           N/A          7%          1    None
 Apportation              Tloc           #.....       7%          1    None
 Confusing Touch          Hex            #.....       7%          1    None
 Summon Small Mammal      Summ           #...         7%          1    None
 Swiftness                Chrm/Air       #.......     10%         2    None
 Lightning Bolt           Conj/Air       ###.......   43%         5    #####..
 Airstrike                Air            #.........   54%         4    ##.....


Dungeon Overview and Level Annotations

Branches:
Dungeon (7/15)             Temple (1/1) D:6

Altars:
Cheibriados
Dithmenos
Elyvilon
Fedhas
Gozag
Hepliaklqana
Nemelex Xobeh
Qazlal
Sif Muna
Uskayaw
Vehumet
Zin


Message History

You feel a surge of power!
The flame tongue hits the orc warrior but does no damage.
Aim: an orc warrior, wielding a +0 scimitar and wearing a +0 plate armour (heavily wounded)
You feel a surge of power!
The flame tongue hits the orc warrior but does no damage.
Aim: an orc warrior, wielding a +0 scimitar and wearing a +0 plate armour (heavily wounded)
You feel a surge of power!
The flame tongue hits the orc warrior.
Aim: an orc warrior, wielding a +0 scimitar and wearing a +0 plate armour (severely wounded)
You feel a surge of power!
The flame tongue hits the orc warrior.
Aim: an orc warrior, wielding a +0 scimitar and wearing a +0 plate armour (severely wounded)
You feel a surge of power!
The flame tongue hits the orc warrior but does no damage.
The orc priest casts a cantrip, but nothing happens.
Aim: an orc warrior, wielding a +0 scimitar and wearing a +0 plate armour (severely wounded)
You feel a surge of power!
The flame tongue hits the orc warrior.
The orc priest calls upon Beogh to heal the orc warrior.
The orc warrior is healed somewhat.
Aim: an orc warrior, wielding a +0 scimitar and wearing a +0 plate armour (heavily wounded)
You feel a surge of power!
The flame tongue hits the orc warrior.
The orc warrior barely misses you.
Aim: an orc warrior, wielding a +0 scimitar and wearing a +0 plate armour (heavily wounded)
You feel a surge of power!
The flame tongue hits the orc warrior but does no damage.
The orc warrior closely misses you.
The orc priest looks encouraged for a moment.
Aim: an orc warrior, wielding a +0 scimitar and wearing a +0 plate armour (heavily wounded)
You feel a surge of power!
The flame tongue hits the orc warrior.
The orc warrior barely misses you.
Aim: an orc warrior, wielding a +0 scimitar and wearing a +0 plate armour (severely wounded)
You feel a surge of power!
The flame tongue hits the orc warrior!
You don't have enough magic to cast that spell.
You sense an unholy aura.
b - a +3 dagger of draining (weapon)
The orc warrior hits you with a +0 scimitar!
You closely miss the orc warrior.
The orc priest calls down the wrath of Beogh upon you.
Beogh smites you!
* * * LOW HITPOINT WARNING * * *
The orc warrior hits you with a +0 scimitar!
* * * LOW HITPOINT WARNING * * *
Aim: an orc warrior, wielding a +0 scimitar and wearing a +0 plate armour (almost dead)
The flame tongue hits the orc warrior.
The orc priest calls down the wrath of Beogh upon you.
Beogh smites you!
* * * LOW HITPOINT WARNING * * *
A centaur comes into view.
As you read the scroll of teleportation {@r4}, it crumbles to dust.
You feel strangely unstable.
The orc warrior hits you with a +0 scimitar!
You die...

#......####..####..##.
...##### #.........#
... ####.#.###..... (.
.........# #..
.........# #(.c....o#
.....#..h##
.##.##.#○o#### ...
#..#.@?†# ##
##.####....... #.
.#..#.# .. .# .... ..
.# ##. ... .# ... ##


You could see an orc warrior, a centaur, a hound and an orc priest.

Vanquished Creatures
  Sigmund (D:3)
  A sky beast (D:6)
  An ice beast (D:6)
  A crocodile (Sewer)
  A phantom (D:5)
  2 centaurs (D:6)
  3 bullfrogs
  A scorpion (D:4)
  6 killer bees (D:6)
  2 howler monkeys (D:6)
  A crimson imp (D:6)
  2 hounds
  3 orc priests (D:6)
  3 orc wizards
  A bullfrog skeleton (D:6)
  Jessica (D:2)
  Terence (D:2)
  An iguana (D:4)
  3 worker ants
  A worker ant zombie (D:6)
  5 adders
  3 gnolls (D:6)
  A shadow imp (D:6)
  2 oozes
  2 adder skeletons (D:4)
  4 worms
  3 dart slugs
  3 leopard geckos
  17 orcs
  11 bats
  3 giant cockroaches
  10 goblins
  9 hobgoblins
  6 jackals
  7 kobolds
  2 quokkas
  3 ball pythons (D:6)
  5 frilled lizards
  2 leopard gecko skeletons
  10 rats
144 creatures vanquished.

Notes
Turn   | Place    | Note
-------+----------+-------------------------------------------
     0 | D:1      | vurker the Deep Elf Fire Elementalist began the quest for
                  | the Orb.
     0 | D:1      | Reached XP level 1. HP: 10/10 MP: 6/6
   237 | D:1      | Reached XP level 2. HP: 15/15 MP: 5/8
   241 | D:1      | Learned a level 2 spell: Throw Flame
  1238 | D:2      | Found a faded altar of an unknown god.
  1243 | D:2      | Noticed Terence
  1253 | D:2      | Found a hide-covered altar of Uskayaw.
  1292 | D:2      | Reached XP level 3. HP: 20/20 MP: 5/10
  1487 | D:2      | Learned a level 3 spell: Conjure Flame
  1602 | D:2      | Noticed Jessica
  1629 | D:2      | Killed Jessica
  1629 | D:2      | Reached skill level 4 in Spellcasting
  1629 | D:2      | Reached XP level 4. HP: 19/24 MP: 0/12
  1777 | D:2      | Reached skill level 1 in Fighting
  2012 | D:2      | Learned a level 4 spell: Sticky Flame
  2133 | D:2      | Killed Terence
  2319 | D:3      | Found Zin's Purification Station.
  2319 | D:3      | Found a glowing silver altar of Zin.
  2320 | D:3      | Noticed Sigmund
  2327 | D:3      | Killed Sigmund
  2327 | D:3      | Reached skill level 5 in Spellcasting
  2327 | D:3      | Reached XP level 5. HP: 29/29 MP: 6/14
  2327 | D:3      | Reached XP level 6. HP: 34/34 MP: 6/15
  2416 | D:3      | Bought a potion of curing for 90 gold pieces
  3283 | D:3      | Learned a level 5 spell: Fireball
  3792 | D:4      | Reached skill level 5 in Fire Magic
  4490 | D:4      | Found a deep blue altar of Sif Muna.
  4493 | D:4      | Found a stormy altar of Qazlal.
  4496 | D:4      | Found a hazy altar of Hepliaklqana.
  4499 | D:4      | Found a white marble altar of Elyvilon.
  4834 | D:5      | Entered Level 5 of the Dungeon
  5024 | D:5      | Reached skill level 6 in Spellcasting
  5024 | D:5      | Reached XP level 7. HP: 40/40 MP: 11/18
  5653 | D:6      | Found a glowing drain.
  5672 | Sewer    | Entered a sewer
  5771 | Sewer    | Reached skill level 1 in Evocations
  6157 | D:6      | Found a stormy altar of Qazlal.
  6198 | D:6      | Reached skill level 5 in Conjurations
  6362 | D:6      | Found a staircase to the Ecumenical Temple.
  6369 | Temple   | Entered the Ecumenical Temple
  6386 | Temple   | Became a worshipper of Vehumet
  6489 | D:6      | Reached XP level 8. HP: 45/45 MP: 16/20
  6532 | D:6      | Reached skill level 7 in Spellcasting
  7433 | D:6      | Reached * piety under Vehumet
  7433 | D:6      | Offered knowledge of Sandblast by Vehumet.
  7433 | D:6      | Reached skill level 8 in Spellcasting
  8308 | D:7      | Mangled by an orc warrior

Levels and vault maps discovered:
D:1:      erik_arrival_cave_to_civilisation [erik_arrival_cave_to_hall],
          layout_basic, lemuel_another_geyser
D:2:      layout_basic, lemuel_round_altar,
          chequers_ecumenical_altar_simple_redux, uniq_terence, uniq_jessica
D:3:      layout_basic, zin_purify, first_ration, uniq_sigmund
D:4:      layout_basic, grunt_temple_overflow_cloverleaf
D:5:      layout_layer_cave
D:6:      layout_basic, minmay_temple_entry_slanted, basic_altar,
          portal_sewer_entry_b
D:7:      layout_rooms, uniq_duvessa, uniq_pikel
Temple:   regret_index_temple_waves

Skill      XL: |  1  2  3  4  5  6  7  8 |
---------------+-------------------------+-----
Conjurations   | 2 3 4 5 6 |  6.5
Spellcasting   | 4 5 6 8 |  8.3
Fire Magic     | 4 5 6 7 |  7.3
Fighting       | 1 2 3 |  3.3
Evocations     | 1 3 |  3.2
Dodging        | |  2.4
Stealth        | |  2.4

Action                   |  1- 3 |  4- 6 |  7- 9 || total
-------------------------+-------+-------+-------++-------
Melee: Dagger            |     9 |    21 |    56 ||    86
       Staff             |       |     7 |   174 ||   181
 Cast: Flame Tongue      |    62 |   114 |   144 ||   320
       Throw Flame       |       |    11 |     9 ||    20
       Conjure Flame     |       |     1 |     9 ||    10
       Sticky Flame      |       |       |     4 ||     4
  Use: Scroll            |       |    12 |     6 ||    18
 Stab: Sleeping          |       |     1 |       ||     1
  Eat: Chunk             |     2 |    10 |     5 ||    17
       Ration            |       |       |     2 ||     2
Armor: Robe              |     7 |    19 |    76 ||   102
Dodge: Dodged            |    29 |    39 |   159 ||   227

Table legend:
 A = Non-vault XP
 B = Vault XP
 C = Vault XP percentage of total XP
 D = Non-vault monster count
 E = Vault monster count
 F = Vault count percentage of total count
                 A         B        C        D         E       F
            +---------+---------+-------+---------+---------+-------
      Total |    2300 |     419 |  15.4 |     129 |      15 |  10.4
            +---------+---------+-------+---------+---------+-------
        D:1 |      34 |       2 |   5.6 |      18 |       2 |  10.0
        D:2 |      63 |      73 |  53.7 |      22 |       2 |   8.3
        D:3 |      60 |     212 |  77.9 |      21 |       1 |   4.5
        D:4 |     224 |       0 |   0.0 |      18 |       0 |   0.0
        D:5 |     165 |       0 |   0.0 |       3 |       0 |   0.0
        D:6 |    1501 |       8 |   0.5 |      36 |       4 |  10.0
        D:7 |     253 |       0 |   0.0 |      11 |       0 |   0.0
      Sewer |       0 |     124 | 100.0 |       0 |       6 | 100.0
            +---------+---------+-------+---------+---------+-------
